 Dungeon Crawl Stone Soup version 0.24-a0-699-g5a66b1aa3b (webtiles) character file.

Game seed: 15705122430485809498, levelgen mode: deterministic

1099 MalarOregon the Caller (level 8, -2/59 HPs)
             Began as a Red Draconian Summoner on Sept 29, 2019.
             Was a Follower of Hepliaklqana.
             Slain by an orc warrior
             ... wielding a +0 war axe
              (14 damage)
             ... on level 6 of the Dungeon.
             The game lasted 00:15:08 (9372 turns).

MalarOregon the Caller (Red Draconian Summoner)     Turns: 9372, Time: 00:15:09

Health: -2/59      AC:  6    Str: 11    XL:     8   Next: 10%
Magic:  15/16      EV: 13    Int: 18    God:    Hepliaklqana [*.....]
Gold:   180        SH:  0    Dex: 11    Spells: 7/17 levels left

rFire    + . .     SeeInvis .   x - +0 hand axe (chop)
rCold    . . .     Gourm    .   (no shield)
rNeg     . . .     Faith    .   (armour unavailable)
rPois    .         Spirit   .   (helmet restricted)
rElec    .         Reflect  .   (no cloak)
rCorr    .         Harm     .   (no gloves)
MR       .....                  (no boots)
Stlth    +++.......             (no amulet)
HPRegen  0.19/turn              q - ring of wizardry
MPRegen  0.15/turn              A - ring of stealth

@: no status effects
A: breathe fire, unfitting armour, reduced essence, fire resistance 1,
cold-blooded, AC +6
a: Breathe Fire, Recall Ancestor, Ancestor Identity, Renounce Religion


You were on level 6 of the Dungeon.
You worshipped Hepliaklqana.
Hepliaklqana was aware of your devotion.
You were not hungry.

You visited 2 branches of the dungeon, and saw 7 of its levels.

You collected 180 gold pieces.

Inventory:

Hand Weapons
 x - a +0 hand axe of chopping (weapon)
   (You took it off an orc on level 3 of the Dungeon)
Missiles
 o - 33 poisoned darts (quivered)
Jewellery
 q - a ring of wizardry (left hand)
   (You found it on level 2 of the Dungeon)
 u - the ring of Lucidity {rF+ Str+4 Slay+2, unknown}
   (You found it on level 4 of the Dungeon)

   [ring of protection from fire]

   It affects your strength (+4).
   It affects your accuracy and damage with ranged weapons and melee attacks
   (+2).
   It protects you from fire.
 A - a ring of stealth (right hand)
   (You took it off an orc wizard on level 4 of the Dungeon)
Wands
 c - a wand of disintegration (8)
   (You took it off Ijyb on level 3 of the Dungeon)
Scrolls
 a - a scroll of enchant armour {unknown}
 f - a scroll of magic mapping {unknown}
 h - 2 scrolls of blinking {unknown}
 j - 4 scrolls of identify {unknown}
 l - a scroll of amnesia {unknown}
 m - a scroll of remove curse {unknown}
 p - 2 scrolls of enchant weapon {unknown}
 s - 2 scrolls of fog {unknown}
 w - a scroll of fear {unknown}
Potions
 b - a potion of magic {unknown}
 d - 3 potions of degeneration {unknown}
 g - a potion of haste {unknown}
 i - 2 potions of brilliance {unknown}
 k - 2 potions of cancellation {unknown}
 n - a potion of resistance {unknown}
 r - 2 potions of curing {unknown}
 t - a potion of heal wounds {unknown}
Comestibles
 e - 6 rations {!d}


   Skills:
 + Level 3.9 Fighting
 + Level 3.8 Dodging
 - Level 1.7 Stealth
 * Level 5.4 Spellcasting
 * Level 6.8 Summonings


You had 7 spell levels left.
You knew the following spells:

 Your Spells              Type           Power        Failure   Level  Hunger
a - Summon Small Mammal   Summ           ####         1%          1    None
c - Call Canine Familiar  Summ           ####....     1%          3    ##.....
x - Call Imp              Summ           ####....     1%          2    #......
z - Summon Lightning Spi  Summ/Air       ###.....     12%         4    ####...

Your spell library contained the following spells:

 Spells                   Type           Power        Failure   Level  Hunger
 Summon Guardian Golem    Hex/Summ       ###.....     4%          3    ##.....
 Beastly Appendage        Tmut           #.....       5%          1    None
 Sticks to Snakes         Tmut           #.......     8%          2    #......
 Summon Ice Beast         Ice/Summ       ###.....     12%         4    ####...
 Spider Form              Tmut/Pois      #.........   16%         3    ##.....
 Ice Form                 Ice/Tmut       #.......     43%         4    ####...
 Blade Hands              Tmut           #.........   77%         5    ######.


Dungeon Overview and Level Annotations

Branches:
Dungeon (6/15)             Temple (1/1) D:4

Altars:
Ashenzari
Cheibriados
Dithmenos
Elyvilon
Fedhas
Hepliaklqana
Kikubaaqudgha
Nemelex Xobeh
Okawaru
Qazlal
Ru
Sif Muna
Trog
Uskayaw
Vehumet
Wu Jian
Xom
Yredelemnul
Zin

Shops:
D:6 :


Innate Abilities, Weirdness & Mutations

You can breathe blasts of fire.
Your fiery red scales are hard. (AC +6)
You cannot fit into any form of body armour.
Your flesh is heat resistant. (rF+)
You are cold-blooded and may be slowed by cold attacks.
Your life essence is reduced to manifest your ancestor. (-10% HP)


Message History

There is an open door here.
Found 19 poisoned darts.
Found a scroll labeled YKKASE QUKHLOINK.
o - 33 poisoned darts (gained 19)
a - a scroll labeled YKKASE QUKHLOINK You open the door. 2 orcs and an orc warrior come into view.
There are monsters nearby!
There are monsters nearby!
The orc shouts!
You hear a shout!
An orc comes into view. It is wielding a +0 flail.
You hit the orc.
You kill the orc!
You hit the orc but do no damage.
Vusi hits the orc but does no damage.
The orc closely misses you.
Vusi hits the orc.
Your hound bites the orc but does no damage.
You barely miss the orc.
Your tail-slap misses the orc.
Your hound closely misses the orc.
Vusi barely misses the orc warrior.
Your hound bites the orc warrior but does no damage.
You barely miss the orc warrior.
You tail-slap the orc warrior, but do no damage.
Your hound bites the orc warrior but does no damage.
Vusi hits the orc warrior.
The orc warrior hits you with a +0 war axe!!
The orc warrior hits your hound with a +0 war axe!
The orc warrior misses Vusi.
Your hound barely misses the orc warrior.
You closely miss the orc warrior. Your hound misses the orc warrior.
Vusi hits the orc warrior.
The orc warrior misses you.
The orc warrior hits your hound with a +0 war axe.
The orc warrior hits Vusi with a +0 war axe!
Your hound barely misses the orc warrior.
You hit the orc warrior but do no damage.
Vusi hits the orc warrior but does no damage.
Your hound bites the orc warrior.
The orc warrior hits Vusi with a +0 war axe!
Vusi is destroyed!
The orc warrior hits you with a +0 war axe!
* * * LOW HITPOINT WARNING * * *
The orc warrior hits your hound with a +0 war axe!
You closely miss the orc warrior.
Your hound bites the orc warrior but does no damage.
Your hound completely misses the orc warrior.
The orc warrior hits you with a +0 war axe!
* * * LOW HITPOINT WARNING * * *
The orc warrior hits your hound with a +0 war axe!
Your hound dies!
Your hound's corpse disappears in a puff of smoke!
The orc warrior hits you with a +0 war axe!
You die...

##### #.....#########
#.....#.......#
#.....).......+
#.....#o......# #....
#.o.....# #...
#..o....## #...
#...@....# #######..
#.##....##
.......#+#######....##
.......#......#......#
.......#......#......#
.<.....#......'.....##
.......#......#.....#
.......+......#........
.......##+##..###...##.


You could see an orc warrior and 2 orcs.

Vanquished Creatures
  A water moccasin (D:5)
  A water moccasin zombie (D:4)
  A crimson imp (D:5)
  A hound (D:4)
  A bullfrog skeleton (D:5)
  An orc priest (D:4)
  An orc wizard (D:5)
  4 worker ants
  A gnoll (D:4)
  3 adders
  A worm (D:5)
  3 leopard geckos
  5 orcs
  4 giant cockroaches
  5 goblins
  10 hobgoblins
  2 jackals (D:1)
  4 kobolds
  3 quokkas
  8 bats
  4 frilled lizards
  A jackal skeleton (D:5)
  A leopard gecko zombie (D:5)
  7 rats
73 creatures vanquished.

Vanquished Creatures (collateral kills)
  Menkaure (D:4)
  A sky beast (D:5)
  An ogre (D:3)
  A centaur (D:5)
  A howler monkey (D:4)
  A crimson imp (D:5)
  5 orc priests
  A centaur skeleton (D:5)
  A bullfrog skeleton (D:4)
  3 orc wizards
  2 iguanas (D:4)
  A worker ant (D:4)
  Ijyb (D:3)
  3 gnolls (D:4)
  11 adders
  An ooze (D:5)
  A worm (D:4)
  A dart slug (D:1)
  2 leopard geckos
  14 orcs
  3 giant cockroaches
  2 hobgoblins
  2 jackals (D:1)
  4 kobolds
  A quokka (D:2)
  5 bats
  2 frilled lizards
  3 goblins
  A quokka skeleton (D:5)
  2 rats
  A fungus (D:5)
  A plant (D:5)
80 creatures vanquished.

Vanquished Creatures (others)
  4 ancestors
  A fungus (D:5)
5 creatures vanquished.

Grand Total: 158 creatures vanquished

Notes
Turn   | Place    | Note
-------+----------+-------------------------------------------
     0 | D:1      | MalarOregon the Draconian Summoner began the quest for the
                  | Orb.
     0 | D:1      | Reached XP level 1. HP: 14/14 MP: 3/3
   255 | D:1      | Reached XP level 2. HP: 7/22 MP: 0/5
  1142 | D:1      | Reached skill level 1 in Fighting
  1795 | D:1      | Reached XP level 3. HP: 28/28 MP: 6/6
  2473 | D:2      | Reached XP level 4. HP: 10/35 MP: 6/8
  2760 | D:2      | Learned a level 2 spell: Call Imp
  2764 | D:2      | Learned a level 3 spell: Call Canine Familiar
  3623 | D:3      | Found a radiant altar of Vehumet.
  3627 | D:3      | Found a sacrificial altar of Ru.
  3627 | D:3      | Found a snail-covered altar of Cheibriados.
  4196 | D:3      | Reached XP level 5. HP: 6/41 MP: 7/9
  4466 | D:3      | Reached skill level 5 in Summonings
  4619 | D:3      | Noticed an ogre
  4637 | D:3      | Killed an ogre
  4839 | D:3      | Noticed Ijyb
  4856 | D:3      | Killed Ijyb
  5205 | D:4      | Noticed Menkaure
  5381 | D:3      | HP: 1/41 [orc/+0 short sword (7)]
  5721 | D:4      | Reached XP level 6. HP: 49/49 MP: 7/11
  6090 | D:4      | Found a staircase to the Ecumenical Temple.
  6113 | D:4      | Got a heavily runed golden ring
  6121 | D:4      | Killed Menkaure
  6405 | Temple   | Entered the Ecumenical Temple
  6483 | Temple   | Became a worshipper of Hepliaklqana the Forgotten
  6505 | D:4      | Found a shimmering altar of Xom.
  6997 | D:4      | Your scales start taking on a fiery red colour.
  6997 | D:4      | Reached XP level 7. HP: 49/50 MP: 10/13
  6997 | D:4      | Gained mutation: Your flesh is heat resistant. (rF+) [Red
                  | Draconian growth]
  7308 | D:4      | Reached skill level 6 in Summonings
  7604 | D:4      | Found a bloodstained altar of Trog.
  7605 | D:4      | Found an iron altar of Okawaru.
  7736 | D:5      | Entered Level 5 of the Dungeon
  7736 | D:5      | Found a stormy altar of Qazlal.
  7736 | D:5      | Found a blossoming altar of Fedhas.
  8123 | D:5      | Reached skill level 5 in Spellcasting
  8147 | D:5      | Found a snail-covered altar of Cheibriados.
  8667 | D:5      | Found an ornate altar of the Wu Jian Council.
  8713 | D:5      | Reached XP level 8. HP: 59/59 MP: 13/15
  9010 | D:5      | Reached * piety under Hepliaklqana
  9327 | D:6      | Found Penye's Book Shop.
  9340 | D:6      | Learned a level 4 spell: Summon Lightning Spire
  9372 | D:6      | Slain by an orc warrior

Levels and vault maps discovered:
D:1:      dpeg_arrival_rooms_with_view, layout_basic, serial_co_window_serial,
          co_window_corner_a, co_window_paths_b, co_window_of_opportunity_a,
          co_window_cross_1, co_window_paths_b, co_window_paths_b,
          co_window_unsneaky_path_e, co_window_of_opportunity_b,
          co_window_of_opportunity_c, co_window_broadway_b,
          co_window_of_opportunity_b, co_window_broadway_c, glass_columns_b,
          glass_columns_a, interstate_on_off
D:2:      layout_loops_ring
D:3:      layout_rooms, grunt_temple_overflow_open, uniq_ijyb
D:4:      layout_loops_ring, grunt_temple_overflow_bloody_war,
          xom_confusion_cloud, minmay_temple_entry_large_hall,
          kennysheep_generic_room_16, uniq_menkaure
D:5:      layout_basic, grunt_temple_overflow_forces_of_nature,
          marbit_many_paths, first_ration, cheibriados_altar_1
D:6:      lemuel_insect_pit, layout_gridville, serial_shops, shop_statue,
          minmay_hollow_rounded_squares
Temple:   eino_temple_lava

Skill      XL: |  1  2  3  4  5  6  7 |
---------------+----------------------+-----
Dodging        | 2 3 |  3.8
Fighting       | 1 2 3 |  3.9
Spellcasting   | 3 4 5 |  5.4
Summonings     | 5 6 |  6.8
Stealth        | |  1.7

Action                   |  1- 3 |  4- 6 |  7- 9 || total
-------------------------+-------+-------+-------++-------
Melee: Club              |   171 |    93 |       ||   264
       Tailslap          |    15 |    11 |    14 ||    40
       Hand axe          |       |    53 |   126 ||   179
Throw: Dart              |     4 |       |       ||     4
 Cast: Summon Small Mamm |    45 |       |       ||    45
       Call Canine Famil |       |    25 |    12 ||    37
       Call Imp          |       |    15 |     2 ||    17
  Use: Scroll            |       |       |     1 ||     1
 Stab: Sleeping          |     9 |     3 |     3 ||    15
       Distracted        |       |       |     1 ||     1
  Eat: Chunk             |     6 |    13 |     5 ||    24
       Ration            |       |     1 |     1 ||     2
Armor: Skin              |    65 |    60 |    40 ||   165
Dodge: Dodged            |   167 |   110 |    90 ||   367

Table legend:
 A = Non-vault XP
 B = Vault XP
 C = Vault XP percentage of total XP
 D = Non-vault monster count
 E = Vault monster count
 F = Vault count percentage of total count
                 A         B        C        D         E       F
            +---------+---------+-------+---------+---------+-------
      Total |    1445 |     126 |   8.0 |     141 |      10 |   6.6
            +---------+---------+-------+---------+---------+-------
        D:1 |      45 |       2 |   4.3 |      29 |       2 |   6.5
        D:2 |      73 |       0 |   0.0 |      31 |       0 |   0.0
        D:3 |     211 |      19 |   8.3 |      23 |       2 |   8.0
        D:4 |     442 |     104 |  19.0 |      28 |       5 |  15.2
        D:5 |     671 |       1 |   0.1 |      29 |       1 |   3.3
        D:6 |       3 |       0 |   0.0 |       1 |       0 |   0.0
            +---------+---------+-------+---------+---------+-------
